 Dungeon Crawl Stone Soup version 0.29.0-4-gdea44cf6ec (webtiles) character file.

Game seed: 10178632957964882999

9 qw the Sneak (level 2, -3/14 HPs)
             Began as a Felid Delver on Aug 27, 2022.
             Slain by a black bear (8 damage)
             ... on level 5 of the Dungeon.
             The game lasted 00:00:00 (98 turns).

qw the Sneak (Felid Delver)                           Turns: 98, Time: 00:00:01

Health: -3/14      AC:  1    Str:  8    XL:     2   Next: 3%
Magic:  3/3        EV: 17    Int: 11    God:
Gold:   0          SH:  0    Dex: 17    Spells: 1/1 levels left
                                        Lives:  0   Deaths: 0

rFire   . . .      SeeInvis +     - Unarmed
rCold   . . .      Faith    .   (shield unavailable)
rNeg    . . .      Spirit   .   (body armour unavailable)
rPois   .          Reflect  .   (helmet unavailable)
rElec   .          Harm     .   (cloak unavailable)
rCorr   .          Rampage  .   (gloves unavailable)
Will    .....                   (boots unavailable)
Stlth   +++.......              (no amulet)
HPRegen 0.04/turn               (no ring)
MPRegen 0.08/turn               (no ring)

@: quick
A: very small, claws 1, fangs 3, see invisible, speed 1, shaggy fur 1, stealthy
paws, no weapons or thrown items, no armour, multi-lived
a: no special abilities


You were on level 5 of the Dungeon.
You visited 1 branch of the dungeon, and saw 1 of its levels.


Innate Abilities, Weirdness & Mutations

You have sharp claws.
You have razor-sharp teeth.
You have supernaturally acute eyesight. (SInv)
You cover ground quickly. (Speed+)
You are covered in fur. (AC +1)
Your paws help you pounce on unaware monsters.
You are incapable of wielding weapons or throwing items.
You cannot wear armour.
You gain extra lives every three experience levels.


   Skills:
 - Level 3.0 Fighting
 - Level 2.6 Dodging
 - Level 6.6 Stealth
 + Level 2.8 Unarmed Combat


You had one spell level left.
You didn't know any spells.
Your spell library was empty.

Inventory:

Wands
 e - a wand of digging (3)
Scrolls
 a - a scroll of fog
 b - a scroll of magic mapping
 c - a scroll of fear
Potions
 d - a potion of haste

Dungeon Overview and Level Annotations

Branches:
Dungeon (5/15)
 Temple: D:4-7

Altars:


Message History

The adder bites you.
You are poisoned.
The adder poisons you! The adder misses you.
You miss the adder. Your bite misses the adder.
The adder is severely wounded.
You feel sick. The adder completely misses you.
You scratch the adder.
You kill the adder!
You feel sick.
You have reached level 2!
You start resting.
You feel sick. x2
You are no longer poisoned.
A black bear comes into view.
85 ||| Stepping ~*~*~tactically~*~*~ (stealth).
An orc comes into view. It is wielding a +0 whip.
90 ||| Stepping ~*~*~tactically~*~*~ (stealth).
You see here a +0 rapier.
The black bear growls angrily.
You scratch the orc.
The orc is lightly wounded.
The orc completely misses you.
You scratch the orc. Your bite misses the orc.
The orc is moderately wounded.
The orc closely misses you.
93 ||| Stepping ~*~*~tactically~*~*~ (outnumbered).
95 ||| Stepping ~*~*~tactically~*~*~ (outnumbered).
You barely miss the orc. Your bite misses the orc.
The orc is moderately wounded.
The orc closely misses you. The black bear closely misses you.
The black bear barely misses you. The black bear closely misses you.
You scratch the orc but do no damage.
The orc is moderately wounded.
The orc hits you with a +0 whip. The black bear barely misses you. x2
The black bear claws you.
You barely miss the orc.
The orc is moderately wounded.
The orc closely misses you. The black bear bites you!
Ouch! That really hurt!
You die...

#### #### #..# ###..#
######..### ##.....
##.##......###......
#.........##.#......
#........#....##.... .##
##.#..).##........#. ....
##..##............##.
.....#..h@..............##
#.....o....###.........
#..#).......##......... #.
##..................
#..................
#......#.#.....#.#.
.......###....# ##.
.......## ....###


You could see a black bear and an orc.

Vanquished Creatures
  An adder (D:5)
1 creature vanquished.

Notes
Turn   | Place    | Note
-------+----------+-------------------------------------------
     0 | D:5      | qw the Felid Delver began the quest for the Orb.
     0 | D:5      | Reached XP level 1. HP: 10/10 MP: 2/2
     0 | D:5      | 0 ||| qw: Version: 0.1-a-89-g26bdef1
     0 | D:5      | 0 ||| qw: Game counter: 21
     0 | D:5      | 0 ||| qw: Always use a shield: true
     0 | D:5      | 0 ||| qw: God list: Okawaru, Trog
     0 | D:5      | 0 ||| qw: Allow faded altars: false
     0 | D:5      | 0 ||| qw: Do Orc after D:15 true
     0 | D:5      | 0 ||| qw: Do second Lair branch before Depths: true
     0 | D:5      | 0 ||| qw: Lair rune preference: random
     0 | D:5      | 0 ||| qw: Plans: Normal
     0 | D:5      | 0 ||| PLANNING D:1-11
    17 | D:5      | 17 ||| Stepping ~*~*~tactically~*~*~ (stealth).
    19 | D:5      | 19 ||| Stepping ~*~*~tactically~*~*~ (stealth).
    40 | D:5      | Reached XP level 2. HP: 9/14 MP: 3/3
    82 | D:5      | Noticed a black bear
    85 | D:5      | 85 ||| Stepping ~*~*~tactically~*~*~ (stealth).
    90 | D:5      | 90 ||| Stepping ~*~*~tactically~*~*~ (stealth).
    93 | D:5      | 93 ||| Stepping ~*~*~tactically~*~*~ (outnumbered).
    95 | D:5      | 95 ||| Stepping ~*~*~tactically~*~*~ (outnumbered).
    98 | D:5      | Slain by a black bear

Levels and vault maps discovered:
D:5:      layout_cave_pools, minmay_temple_entry_offerings

Action                   || total
-------------------------++-------
Melee: Unarmed           ||    15
Armor: Skin              ||     1
Dodge: Dodged            ||    17

Table legend:
 A = Non-vault XP
 B = Vault XP
 C = Vault XP percentage of total XP
 D = Non-vault monster count
 E = Vault monster count
 F = Vault count percentage of total count
                 A         B        C        D         E       F
            +---------+---------+-------+---------+---------+-------
      Total |      13 |       0 |   0.0 |       1 |       0 |   0.0
            +---------+---------+-------+---------+---------+-------
        D:5 |      13 |       0 |   0.0 |       1 |       0 |   0.0
            +---------+---------+-------+---------+---------+-------
